 Dungeon Crawl Stone Soup version 0.17.1-3-g152610e (webtiles) character file.

137 williamiamiam the Firebug (level 4, -1/37 HPs)
             Began as a Demigod Fire Elementalist on Mar 30, 2016.
             Succumbed to Terence's poison
             ... on level 3 of the Dungeon.
             The game lasted 00:15:43 (2482 turns).

williamiamiam the Firebug (DgFE)                    Turns: 2482, Time: 00:15:43

Health: -1/37      AC:  3    Str: 11    XL:     4   Next: 69%
Magic:  5/10       EV: 12    Int: 21    God:
Gold:   72         SH:  0    Dex: 16    Spells: 1 memorised, 6 levels left

rFire  . . .     SeeInvis .     l - +0 short sword
rCold  . . .     Clarity  .     a - +0 robe
rNeg   . . .     SustAt   +     (no shield)
rPois  .         Gourm    .     (no helmet)
rElec  .         Spirit   .     s - +0 cloak
rCorr  .         Warding  .     (no gloves)
rMut   .         Stasis   .     (no boots)
MR     .....                    (no amulet)
Stlth  ++........               (no ring)
                                (no ring)

@: lethally poisoned (-1 -> -16), not resistant to hostile enchantments,
unstealthy
A: high mp 1, sustain attributes
a: no special abilities


You were on level 3 of the Dungeon.
You were not hungry.

You visited 1 branch of the dungeon, and saw 3 of its levels.

You collected 72 gold pieces.

Inventory:

Hand Weapons
 l - a +0 short sword (weapon)
Armour
 a - a +0 robe (worn)
 s - a +0 cloak (worn)
Scrolls
 d - a scroll of noise {unknown}
 e - a scroll of enchant armour {unknown}
 g - a scroll of remove curse {unknown}
 h - a scroll of immolation
 i - 2 scrolls of recharging
 j - 2 scrolls of identify
 n - a scroll of magic mapping {unknown}
 v - a scroll of teleportation {unknown}
Potions
 k - a potion of haste {unknown}
 m - a potion of brilliance {unknown}
 o - 2 potions of curing
 q - 2 potions of cancellation
 t - a potion of poison {unknown}
 u - a potion of mutation {unknown}
 x - a potion of berserk rage {unknown}
Books
 b - a book of Flames

   Spells                             Type                      Level
   a - Flame Tongue                   Conjuration/Fire             1
   b - Throw Flame                    Conjuration/Fire             2
   c - Conjure Flame                  Conjuration/Fire             3
   d - Inner Flame                    Hexes/Fire                   3
   e - Sticky Flame                   Conjuration/Fire             4
   f - Fireball                       Conjuration/Fire             5
Comestibles
 c - 3 bread rations
 f - 2 slices of pizza
 p - 4 fruits
 r - a meat ration


   Skills:
 - Level 2.4 Fighting
 - Level 1.7 Dodging
 - Level 1.7 Stealth
 + Level 2.4 Spellcasting
 + Level 2.0 Conjurations
 + Level 3.4 Fire Magic


You had 6 spell levels left.
You knew the following spells:

 Your Spells              Type           Power        Failure   Level  Hunger
a - Flame Tongue          Conj/Fire      ##...        6%          1    None


Dungeon Overview and Level Annotations

Branches:
Dungeon (3/15)

Annotations:
D:3 Terence


Innate Abilities, Weirdness & Mutations

You have an increased reservoir of magic (+10% MP).
Your attributes are resistant to harm.


Message History

Aiming: Flame Tongue
Press: ? - help, Shift-Dir - straight line, f/p - Terence
Aim: Terence, wielding a trident of venom and wearing a chain mail (moderately wounded, inner flame)
The flame tongue hits Terence.
Terence appears unharmed.
Terence is moderately wounded.
* * * LOW HITPOINT WARNING * * *
You feel sick.
Terence hits you from afar with a trident of venom.
* * * LOW HITPOINT WARNING * * *
* * * LOW HITPOINT WARNING * * *
You feel sick.
* * * LOW HITPOINT WARNING * * *
You feel sick.
* * * LOW HITPOINT WARNING * * *
You feel sick.
* * * LOW HITPOINT WARNING * * *
You feel sick.
* * * LOW HITPOINT WARNING * * *
You feel sick.
You die...

. ##...#....#.......
##......##.##...)..
##.....#.....#...... #
#......#.#...'..._..
#...#.##.#.#...#......
...##.##.#.#####......
.........#....#.......
#
#####.†.......#⌠.##+.#
# #....@.###.##.####
... #.##...........
...# #.#.###.###.
#...# #@#.....## #
#...._...# .# ..
#........##.# ## ###
#...........# #.#
#....8.._...# #.#
#.........#.#


You could see Terence (inner flame).

Vanquished Creatures
  A worker ant (D:3)
  5 adders
  An ooze (D:1)
  2 worms
  2 giant geckos (D:1)
  An orc (D:3)
  2 ball pythons (D:1)
  A giant cockroach (D:2)
  13 goblins
  3 hobgoblins
  7 kobolds
  2 quokkas
  4 bats
  2 giant newts
  2 jackals (D:1)
  9 rats
57 creatures vanquished.

Notes
Turn   | Place    | Note
--------------------------------------------------------------
     0 | D:1      | williamiamiam the Demigod Fire Elementalist began the quest for the Orb.
     0 | D:1      | Reached XP level 1. HP: 14/14 MP: 5/5
   148 | D:1      | Reached skill level 1 in Fighting
   253 | D:1      | Reached XP level 2. HP: 18/23 MP: 1/7
  1021 | D:2      | Reached XP level 3. HP: 30/30 MP: 6/8
  1111 | D:2      | Found a deep blue altar of Sif Muna.
  1186 | D:2      | Reached skill level 1 in Conjurations
  1366 | D:2      | Found an iron altar of Okawaru.
  1437 | D:2      | Reached skill level 3 in Fire Magic
  1448 | D:2      | Found a faded altar to an unknown god.
  1693 | D:3      | Reached XP level 4. HP: 25/37 MP: 4/9
  2215 | D:3      | Found a shattered altar of Ashenzari.
  2354 | D:3      | Found an iron altar of Okawaru.
  2354 | D:3      | Found a sparkling altar of Nemelex Xobeh.
  2354 | D:3      | Found a shimmering altar of Xom.
  2456 | D:3      | Noticed Terence
  2481 | D:3      | HP: 1/37 [poisoned by Terence]
  2482 | D:3      | Succumbed to Terence's poison

Action                   |  1- 3 |  4- 6 || total
-------------------------+-------+-------++-------
Melee: Short sword       |     7 |       ||     7
       Unarmed           |     1 |       ||     1
 Cast: Flame Tongue      |    74 |    46 ||   120
  Use: Scroll            |       |     5 ||     5
  Eat: Chunk             |     3 |     3 ||     6
